 Dungeon Crawl Stone Soup version 0.21-a0-404-g291f19a (webtiles) character file.

69753 ohad the Grappler (level 14, -13/109 HPs)
             Began as a Demonspawn Gladiator on Oct 30, 2017.
             Was the Champion of Okawaru.
             Mangled by an orc warrior
             ... wielding a +0 trident
              (18 damage)
             ... on level 2 of the Orcish Mines on Oct 31, 2017.
             The game lasted 01:00:11 (21560 turns).

ohad the Grappler (Demonspawn Gladiator)           Turns: 21560, Time: 01:00:12

Health: -13/109    AC: 10    Str: 20    XL:     14   Next: 91%
Magic:  0/19       EV: 19    Int: 12    God:    Okawaru [******]
Gold:   1541       SH: 20    Dex: 14    Spells: 13/13 levels left

rFire    + . .     SeeInvis .     - Unarmed
rCold    . . .     Gourm    .   C - +6 shield of the Slug {rPois}
rNeg     . . .     Faith    +   w - +1 scale mail
rPois    +         Spirit   +   (helmet restricted)
rElec    .         Reflect  .   (no cloak)
rCorr    .         Harm     .   (no gloves)
MR       +....                  (no boots)
Stlth    +.........             K - amulet of faith
HPRegen  0.28/turn              W - ring of protection from fire
MPRegen  0.32/turn              x - +2 ring of strength

@: heroism
A: claws 2, hooves 2, horns 1, powered by death 3, magic shield, magic
regeneration
a: Heroism, Finesse, Renounce Religion


You were on level 2 of the Orcish Mines.
You worshipped Okawaru.
Okawaru was exalted by your worship.
You were not hungry.

You visited 4 branches of the dungeon, and saw 21 of its levels.
You also visited: Labyrinth.

You collected 1902 gold pieces.
You spent 361 gold pieces at shops.

Inventory:

Hand Weapons
 a - a +0 blowgun
 c - a +2 lajatang of electrocution
 u - a +1 dagger of distortion
 G - a +0 arbalest
 X - the +10 quarterstaff "ohad's Bane" {drain, rF+++ Stlth+}
   (You found it on level 8 of the Dungeon)

   A truly terrible weapon, it drains the life of those it strikes.
   It renders you almost immune to fire.
   It makes you more stealthy.
Missiles
 d - 7 throwing nets (quivered)
 e - 60 poisoned needles
 k - 106 bolts
 t - 8 poisoned javelins
 E - 13 curare-tipped needles
 V - 4 silver tomahawks
 Y - 7 javelins of returning
Armour
 w - a +1 scale mail (worn)
 C - the +6 shield of the Slug (worn) {rPois}
   (Okawaru gifted it to you on level 6 of the Lair of Beasts)

   It protects you from poison.
Jewellery
 g - an uncursed ring of poison resistance
 q - an uncursed ring of see invisible
 x - a +2 ring of strength (right claw)
 F - an uncursed ring of fire
 H - an uncursed ring of resist corrosion
 K - an amulet of faith (around neck)
 R - an uncursed ring of flight
 W - a ring of protection from fire (left claw)
Wands
 A - a wand of acid (3/15)
 U - a wand of lightning (15/15)
Scrolls
 b - 3 scrolls of identify
 h - a scroll of brand weapon
 i - 7 scrolls of remove curse
 m - 11 scrolls of teleportation
 p - 4 scrolls of enchant armour
 v - 9 scrolls of fog
 y - 3 scrolls of enchant weapon
 N - a scroll of blinking
 Q - 2 scrolls of recharging
 Z - 4 scrolls of magic mapping
Potions
 n - 4 potions of haste
 o - 2 potions of agility
 r - 3 potions of might
 s - 10 potions of curing
 z - 2 potions of lignification
 I - 2 potions of cancellation
 J - a potion of berserk rage
 L - a potion of magic
 M - a potion of heal wounds
 P - a potion of resistance
Comestibles
 f - 13 bread rations
 j - 16 meat rations
 l - 11 royal jellies
 S - 3 fruits


   Skills:
 - Level 9.9(14.9) Fighting
   Level 3.2(8.2) Axes
 - Level 3.5(8.5) Staves
 - Level 3.1(8.1) Throwing
 + Level 9.3(14.3) Armour
 - Level 10.0(15.0) Dodging
 - Level 10.0(15.0) Shields
 - Level 14.1(19.1) Unarmed Combat
 - Level 7.0 Invocations


You had 13 spell levels left.
You didn't know any spells.

Dungeon Overview and Level Annotations

Branches:
Dungeon (12/15)            Temple (1/1) D:4            Lair (6/6) D:9
  Swamp (0/4) Lair:4        Snake (0/4) Lair:4        Slime (0/5) Lair:5
    Orc (2/2) D:12
    Elf: Orc:2

Altars:
Cheibriados
Dithmenos
Elyvilon
Fedhas
Gozag
Hepliaklqana
Kikubaaqudgha
Nemelex Xobeh
Okawaru
Qazlal
Ru
Uskayaw
Wu Jian
Zin
The Shining One
Beogh

Shops:
D:7 =   D:9 ?*   D:12 }   Orc:2 [*(


Innate Abilities, Weirdness & Mutations

You have very sharp fingernails.
You have hoof-like feet.
You have a pair of small horns on your head.
You regenerate a lot of health from kills.
When hurt, damage is shared between your health and your magic reserves.
You regenerate magic rapidly.


Message History

The orc warlord goes into a battle-frenzy!
The orc warrior hits you from afar with a trident!!
You block the orc warrior's attack.
The orc warrior throws a tomahawk.
You block the tomahawk. You block the orc warrior's attack.
The orc warrior completely misses you.
You see here a tomahawk.
The orc warlord roars a battlecry!
The orc knight goes into a battle-frenzy!
The orc warrior hits the fungus with a trident!
The orc warrior hits the fungus with a trident!
The orc sorcerer shouts, "You can't withstand my power!"
You block the orc warrior's attack.
There is a stone staircase leading up here.
The orc warrior throws a tomahawk.
You block the tomahawk.
The orc knight hits you with an enchanted battleaxe!!!
* * * LOW HITPOINT WARNING * * *
The orc warrior hits the fungus with a trident!!!
The fungus is destroyed!
The orc warrior hits you from afar with a trident!!
You die...

... ...##.......P..
..........P..P.
...........PP..P ####
#...........P..... #..##
...................
....####............4..∩...
.....##............PP......
.#.....#........@oo.P.8....
...............oo......P..P
....##.#..........o...P....
...##.#...........oo......#
..##.................o....#
...##..............).......
....##.............(.......
...#..#....................
..)..............(.........


You could see an orc warlord, an orc knight, an ice devil, an orc sorcerer and 5
orc warriors.

Vanquished Creatures
  A minotaur (Lab)
  An ice dragon (Lair:6)
  4 hydras
  A catoblepas (Lair:6)
  8 two-headed ogres
  An anaconda (Lair:4)
  9 death yaks
  5 orc high priests (Orc:2)
  Nergalle (Lair:2)
  Sonja (D:11)
  The ghost of ohad the Cleaver, a novice DsGl of Makhleb (D:7)
  3 lindwurms (Lair:6)
  An orc knight (Orc:2)
  A manticore (D:11)
  Joseph (D:7)
  A molten gargoyle (Lair:4)
  9 black mambas
  Psyche (D:9)
  9 spiny frogs
  3 kobold demonologists (D:12)
  6 torpor snails (Lair:6)
  8 komodo dragons
  A rime drake (Lair:6)
  5 trolls
  11 polar bears
  4 tyrant leeches
  8 hornets
  4 raiju (Lair:6)
  16 blink frogs
  9 hippogriffs
  9 dream sheep (Lair:6)
  A wyvern (Lair:4)
  Grum (D:8)
  3 fire bats (Lair:4)
  11 yaks
  A hungry ghost (D:7)
  Menkaure (D:4)
  2 basilisks
  7 wargs
  A soldier ant (D:12)
  24 water moccasins
  11 hell hounds (Lair:6)
  11 porcupines
  6 ice beasts
  20 orc warriors
  3 sky beasts
  12 black bears
  A phantom (D:9)
  34 wolves
  12 ogres
  13 centaurs
  9 crocodiles
  8 bullfrogs
  3 big kobolds
  A gnoll sergeant (D:6)
  A wyvern skeleton (D:12)
  14 killer bees
  13 wights
  6 howler monkeys
  2 electric eels (Lair:4)
  2 centaur zombies
  3 crimson imps
  10 hounds
  6 orc priests
  18 jellies
  A gnoll shaman (D:6)
  4 centaur skeletons
  11 orc wizards
  3 bullfrog skeletons (D:11)
  Ijyb (D:4)
  7 worker ants
  A hound skeleton (D:11)
  2 hound zombies
  2 worker ant zombies
  14 adders
  20 gnolls
  4 shadow imps
  3 oozes
  3 worms
  2 dart slugs
  6 leopard geckos
  84 orcs
  3 ball pythons
  4 giant cockroaches
  9 goblins
  5 hobgoblins
  18 jackals
  7 quokkas
  6 bats
  6 frilled lizards
  A jackal skeleton (D:6)
  25 kobolds
  2 leopard gecko skeletons
  A leopard gecko zombie (D:8)
  15 rats (D:1)
  A plant (Lair:6)
685 creatures vanquished.

Vanquished Creatures (others)
  A kobold (D:12)
  2 bushes (Lair:2)
  12 fungi
  37 plants
52 creatures vanquished.

Grand Total: 737 creatures vanquished

Notes
Turn   | Place    | Note
-------+----------+-------------------------------------------
     0 | D:1      | ohad the Demonspawn Gladiator began the quest for the Orb.
     0 | D:1      | Reached XP level 1. HP: 16/16 MP: 1/1
    92 | D:1      | Gained mutation: You have large cloven feet. [demonic ancestry]
    92 | D:1      | Reached XP level 2. HP: 4/22 MP: 2/2
   451 | D:1      | Reached skill level 1 in Unarmed Combat
   766 | D:1      | Reached XP level 3. HP: 23/27 MP: 3/3
   902 | D:1      | Reached skill level 2 in Unarmed Combat
  1660 | D:2      | Gained mutation: When hurt, damage is shared between your health and your magic reserves. [demonic ancestry]
  1660 | D:2      | Reached XP level 4. HP: 23/33 MP: 4/4
  1666 | D:2      | Reached skill level 3 in Unarmed Combat
  1951 | D:2      | Found a hazy altar of Hepliaklqana.
  2546 | D:3      | Gained mutation: You have a pair of small horns on your head. [demonic ancestry]
  2546 | D:3      | Reached XP level 5. HP: 38/38 MP: 5/5
  2683 | D:3      | Reached skill level 4 in Unarmed Combat
  2923 | D:4      | Found a staircase to the Ecumenical Temple.
  2932 | Temple   | Entered the Ecumenical Temple
  2952 | Temple   | Became a worshipper of Warmaster Okawaru
  2977 | D:4      | Found a sparkling altar of Nemelex Xobeh.
  3004 | D:4      | Noticed Ijyb
  3015 | D:4      | Paralysed by Ijyb for 7 turns
  3026 | D:4      | Killed Ijyb
  3026 | D:4      | Reached skill level 1 in Armour
  3241 | D:4      | Noticed an ogre
  3252 | D:4      | Killed an ogre
  3252 | D:4      | Reached skill level 5 in Unarmed Combat
  3252 | D:4      | Gained mutation: You have hoof-like feet. [demonic ancestry]
  3252 | D:4      | Reached XP level 6. HP: 31/44 MP: 3/6
  3535 | D:4      | Noticed Menkaure
  3549 | D:4      | Killed Menkaure
  3549 | D:4      | Reached * piety under Okawaru
  3792 | D:4      | Reached skill level 1 in Invocations
  4209 | D:5      | Entered Level 5 of the Dungeon
  4268 | D:5      | Gained mutation: You regenerate a little health from kills. [demonic ancestry]
  4268 | D:5      | Reached XP level 7. HP: 38/50 MP: 6/8
  4326 | D:5      | Reached skill level 6 in Unarmed Combat
  4494 | D:5      | Reached skill level 7 in Unarmed Combat
  4741 | D:5      | Found a sacrificial altar of Ru.
  4928 | D:5      | Found an ancient bone altar of Kikubaaqudgha.
  5316 | D:6      | Gained mutation: You regenerate health from kills. [demonic ancestry]
  5316 | D:6      | Reached XP level 8. HP: 52/58 MP: 6/9
  5380 | D:6      | Reached ** piety under Okawaru
  5426 | D:6      | Got a slimy trident {venom}
  5493 | D:6      | Reached skill level 8 in Unarmed Combat
  5606 | D:6      | Got a jewelled rapier {protect}
  5693 | D:6      | Reached skill level 9 in Unarmed Combat
  5705 | D:6      | Reached *** piety under Okawaru
  5873 | D:7      | Noticed Joseph
  5890 | D:7      | Killed Joseph
  5890 | D:7      | Reached skill level 10 in Unarmed Combat
  5890 | D:7      | Gained mutation: You have sharp fingernails. [demonic ancestry]
  5890 | D:7      | Reached XP level 9. HP: 51/63 MP: 3/10
  5984 | D:7      | Found an opulent altar of Gozag.
  6010 | D:7      | Reached **** piety under Okawaru
  6106 | D:7      | Found a blossoming altar of Fedhas.
  6163 | D:7      | Found Sisocogu's Jewellery Shop.
  6338 | D:7      | Noticed ohad's ghost (novice DsGl)
  6356 | D:7      | Killed ohad's ghost
  6466 | D:7      | Reached skill level 5 in Armour
  6728 | D:8      | Noticed Grum
  6739 | D:8      | Reached skill level 5 in Fighting
  6744 | D:8      | Reached XP level 10. HP: 57/74 MP: 7/11
  6752 | D:8      | Reached ***** piety under Okawaru
  6756 | D:8      | Killed Grum
  6917 | D:8      | Found a snail-covered altar of Cheibriados.
  6930 | D:8      | Reached skill level 5 in Dodging
  6942 | D:8      | Found a white marble altar of Elyvilon.
  7104 | D:8      | Got a pitted quarterstaff
  7287 | D:8      | Noticed a two-headed ogre
  7293 | D:8      | Killed a two-headed ogre
  7293 | D:8      | Reached skill level 11 in Unarmed Combat
  7558 | D:8      | Noticed a two-headed ogre
  7563 | D:8      | Killed a two-headed ogre
  7563 | D:8      | Reached skill level 5 in Invocations
  7759 | D:9      | Noticed Psyche
  7768 | D:9      | Killed Psyche
  7848 | D:9      | Received a gift from Okawaru
  7855 | D:9      | Identified the +3 rapier of Oxohuiri {protect, Str+8 Int-4 Dex-3 SInv} (You took it off an orc priest on level 6 of the Dungeon)
  7859 | D:9      | Identified the +10 quarterstaff "ohad's Bane" {drain, rF+++ Stlth+} (You found it on level 8 of the Dungeon)
  7862 | D:9      | Identified the cursed +1 trident "Fattaxt" {venom, rC+ Int+2} (You took it off an orc on level 6 of the Dungeon)
  7896 | D:9      | Found Qirereel's Magic Scroll Shop.
  7899 | D:9      | Reached skill level 1 in Staves
  7926 | D:9      | Bought a scroll of fog for 22 gold pieces
  7926 | D:9      | Bought a scroll of identify for 22 gold pieces
  7926 | D:9      | Bought a scroll of identify for 22 gold pieces
  7926 | D:9      | Bought a scroll of identify for 22 gold pieces
  7926 | D:9      | Bought a scroll of teleportation for 33 gold pieces
  7955 | D:9      | Noticed a two-headed ogre
  7963 | D:9      | Killed a two-headed ogre
  8101 | D:9      | Reached XP level 11. HP: 56/80 MP: 11/16
  8164 | D:9      | Found a glowing silver altar of Zin.
  8177 | D:9      | Found Ysovarph's Assorted Antiques.
  8190 | D:9      | Bought a scroll of identify for 54 gold pieces
  8190 | D:9      | Bought a scroll of identify for 54 gold pieces
  8190 | D:9      | Bought a potion of curing for 81 gold pieces
  8190 | D:9      | Bought a yellow potion for 24 gold pieces
  8190 | D:9      | Bought a scroll labeled KONGOI RAIS for 27 gold pieces
  8340 | D:9      | Found a staircase to the Lair.
  8460 | D:9      | Found a stormy altar of Qazlal.
  8462 | D:9      | Found a shadowy altar of Dithmenos.
  8642 | D:9      | Received a gift from Okawaru
  8748 | Lair:1   | Entered Level 1 of the Lair of Beasts
  8781 | Lair:1   | Reached skill level 12 in Unarmed Combat
  8881 | Lair:1   | Found a labyrinth entrance.
  8889 | Lab      | Entered a labyrinth
  9043 | Lab      | Found an exit through the horrors of the Abyss.
  9090 | Lab      | Noticed a minotaur
  9097 | Lab      | Killed a minotaur
  9097 | Lab      | Received a gift from Okawaru
  9100 | Lab      | Got a pair of twisted gloves {god gift}
  9107 | Lab      | Identified the +0 pair of gloves of Ocosteol {Int+4 Slay-2} (Okawaru gifted it to you in a labyrinth)
  9401 | Lair:1   | Noticed a seven-headed hydra
  9407 | Lair:1   | Killed a seven-headed hydra
  9709 | Lair:1   | Noticed a six-headed hydra
  9716 | Lair:1   | Killed a six-headed hydra
 10436 | Lair:2   | Noticed Nergalle
 10448 | Lair:2   | Killed Nergalle
 10857 | Lair:3   | Gained mutation: You regenerate a lot of health from kills. [demonic ancestry]
 10857 | Lair:3   | Reached XP level 12. HP: 81/88 MP: 15/17
 10866 | Lair:3   | Reached skill level 1 in Shields
 11748 | Lair:3   | Identified the Disquisition on Confrontation
 12747 | Lair:4   | Noticed a death yak
 12747 | Lair:4   | Noticed a death yak
 12749 | Lair:4   | Noticed a death yak
 12750 | Lair:4   | Noticed a death yak
 12762 | Lair:4   | Noticed a death yak
 12771 | Lair:3   | Killed a death yak
 13031 | Lair:3   | Killed a death yak
 13031 | Lair:3   | Reached skill level 5 in Shields
 13213 | Lair:4   | Found a staircase to the Snake Pit.
 13319 | Lair:4   | Killed a death yak
 13328 | Lair:4   | Killed a death yak
 13338 | Lair:4   | Killed a death yak
 13338 | Lair:4   | Reached ****** piety under Okawaru
 13642 | Lair:4   | Received a gift from Okawaru
 14163 | Lair:4   | Received a gift from Okawaru
 14189 | Lair:4   | Got a polished quarterstaff {god gift}
 14621 | Lair:4   | Found a staircase to the Swamp.
 14752 | Lair:4   | Noticed an anaconda
 14767 | Lair:4   | Killed an anaconda
 14767 | Lair:4   | Gained mutation: You have very sharp fingernails. [demonic ancestry]
 14767 | Lair:4   | Reached XP level 13. HP: 19/93 MP: 2/18
 15459 | Lair:5   | Found a staircase to the Slime Pits.
 15698 | Lair:5   | Received a gift from Okawaru
 15698 | Lair:5   | Reached skill level 10 in Shields
 16240 | Lair:6   | Entered Level 6 of the Lair of Beasts
 16420 | Lair:6   | Received a gift from Okawaru
 16463 | Lair:6   | Received a gift from Okawaru
 16479 | Lair:6   | Got a faintly humming shield {god gift}
 16490 | Lair:6   | Identified the +6 shield of the Slug {rPois} (Okawaru gifted it to you on level 6 of the Lair of Beasts)
 17188 | Lair:6   | Received a gift from Okawaru
 17255 | Lair:6   | Gained mutation: You regenerate magic rapidly. [demonic ancestry]
 17255 | Lair:6   | Reached XP level 14. HP: 64/109 MP: 9/19
 17260 | Lair:6   | Reached skill level 13 in Unarmed Combat
 17316 | Lair:6   | Paralysed by a hornet for 1 turns
 17496 | Lair:6   | Received a gift from Okawaru
 17582 | Lair:6   | Found a runed door.
 18179 | Lair:6   | Reached skill level 14 in Unarmed Combat
 18813 | D:10     | Entered Level 10 of the Dungeon
 19665 | D:11     | Received a gift from Okawaru
 19672 | D:11     | Noticed Sonja
 19680 | D:11     | Killed Sonja
 20473 | D:12     | Found Mush's Gadget Emporium.
 20479 | D:12     | Received a gift from Okawaru
 20591 | D:12     | Found a staircase to the Orcish Mines.
 20663 | D:12     | Found an iron altar of Okawaru.
 21024 | Orc:1    | Entered Level 1 of the Orcish Mines
 21196 | Orc:2    | Entered Level 2 of the Orcish Mines
 21240 | Orc:2    | Found a roughly hewn altar of Beogh.
 21303 | Orc:2    | Found Ycada's Antique Armour Emporium.
 21436 | Orc:2    | Found Jeyqyo's Antique Weapon Shop.
 21449 | Orc:2    | Received a gift from Okawaru
 21471 | Orc:2    | Reached skill level 10 in Dodging
 21481 | Orc:2    | Noticed an orc warlord
 21551 | Orc:2    | Found Dev Etur's General Store.
 21560 | Orc:2    | HP: 5/109 [orc knight/enchanted battleaxe (34)]
 21560 | Orc:2    | Mangled by an orc warrior

Vault maps used:
D:1:      tarquinn_simple_flora_water_e, serial_co_window_serial,
          co_window_corner_a, co_window_paths_b, co_window_of_opportunity_a,
          co_window_corner_a, co_window_corner_a, co_window_of_opportunity_c,
          co_window_broadway_a, co_window_unsneaky_path_a,
          co_window_of_opportunity_c, co_window_corner_b,
          co_window_unsneaky_path_a, glass_columns_a, glass_columns_c,
          glass_columns_a, kennysheep_nondescript, minmay_rat_gold_closets
D:2:      lemuel_round_altar
D:3:      first_bread
D:4:      kennysheep_mini, minmay_temple_entry_trees, uniq_ijyb, uniq_menkaure
D:5:      kiku_gazebo_garden_becter, hangedman_ru_absence
D:6:      minmay_unpleasant_kobolds
D:7:      fedhas_altar_4, serial_shops, shop, grunt_ministairs_14,
          grunt_gozag_statues, uniq_joseph
D:8:      old_standard_altar, basic_altar, uniq_grum
D:9:      zin_statuary, chequers_temple_overflow_statue_of_worship,
          lair_entry_dummy, serial_shops, shop, shop_fountains, uniq_psyche
D:11:     grunt_ogre_cave, uniq_sonja
D:12:     orc_david_3, serial_shops, nicolae_shop_statue_plus,
          okawaru_ov_weapons_minmay
Temple:   jpeg_temple_clearing
Lair:1:   lab_entry_generic, beast_lair_carwin_8
Lair:2:   wad_woods_06, uniq_nergalle
Lair:4:   beast_lair_carwin_large_4, minmay_swamp_entry_worms,
          minmay_snake_entry_six_corridors, serial_bayou_lagoon_b
Lair:5:   minmay_slime_entry_jelly_boxes
Lair:6:   hangedman_lair_caniforms_friends, wormcave
Orc:1:    serial_shops, shop
Orc:2:    grunt_orc_gardens, grunt_orc_garden, grunt_orc_garden,
          grunt_orc_garden, grunt_orc_garden, mines2_david
Lab:      nicolae_lab_statue, lab_block, nicolae_lab_checkerboard,
          labyrinth_fake_exit, nicolae_lab_dead_end, labyrinth_glass_1

Skill      XL: |  1  2  3  4  5  6  7  8  9 10 11 12 13 14 |
---------------+-------------------------------------------+-----
Axes           | 3 |  3.2
Unarmed Combat | 1 2 3 5 7 10 11 12 14 | 14.1
Armour         | 1 2 5 7 9 |  9.3
Invocations    | 2 7 |  7.0
Fighting       | 3 5 6 9 |  9.9
Dodging        | 4 5 7 10 | 10.0
Staves         | 3 |  3.5
Shields        | 9 10 | 10.0
Throwing       | 3 |  3.1

Action                   |  1- 3 |  4- 6 |  7- 9 | 10-12 | 13-15 || total
-------------------------+-------+-------+-------+-------+-------++-------
Melee: War axe           |   130 |    81 |       |       |       ||   211
       Kick              |    17 |    39 |   110 |   201 |   353 ||   720
       Unarmed           |       |    74 |   374 |   636 |  1119 ||  2203
       Headbutt          |       |    18 |    67 |   125 |   233 ||   443
       Punch             |       |     3 |    15 |    15 |       ||    33
       Quarterstaff      |       |       |       |     8 |       ||     8
 Fire: Blowgun           |       |       |       |    18 |       ||    18
Throw: Throwing net      |       |     2 |       |       |     3 ||     5
       Javelin           |       |       |       |     9 |       ||     9
Invok: Heroism           |       |       |     9 |    18 |     9 ||    36
  Use: Scroll            |       |     2 |     4 |    19 |     9 ||    34
       Potion            |       |     1 |     1 |     4 |     2 ||     8
 Stab: Sleeping          |     3 |       |       |       |       ||     3
       Distracted        |       |     1 |       |       |       ||     1
       Held in net/web   |       |     1 |       |       |       ||     1
       Petrified         |       |       |       |       |     6 ||     6
       Invisible         |       |       |       |       |     1 ||     1
  Eat: Chunk             |     2 |     9 |    11 |    20 |    23 ||    65
       Meat ration       |       |       |       |     1 |       ||     1
       Fruit             |       |       |       |     1 |       ||     1
Armor: Leather armour    |    30 |       |       |       |       ||    30
       Ring mail         |    14 |     7 |       |       |       ||    21
       Scale mail        |       |    41 |   138 |   152 |   197 ||   528
       Chain mail        |       |       |       |    19 |       ||    19
Dodge: Dodged            |    86 |    71 |   236 |   267 |   436 ||  1096
Block: Buckler           |       |       |       |    26 |       ||    26
       Large shield      |       |       |       |   124 |   268 ||   392
       Shield            |       |       |       |       |   834 ||   834

Table legend:
 A = Spawn XP
 B = Non-spawn XP
 C = Spawn XP percentage of total XP
 D = Spawn monster count
 E = Non-spawn monster count
 F = Spawn count percentage of total count
 G = Total turns spent on level
                    A         B        C        D         E        F      G
               +---------+---------+-------+---------+---------+-------+---------
         Total |       0 |   99648 |   0.0 |       0 |     684 |   0.0 | 21560
               +---------+---------+-------+---------+---------+-------+---------
           D:1 |       0 |      60 |   0.0 |       0 |      43 |   0.0 |  1211
           D:2 |       0 |     111 |   0.0 |       0 |      22 |   0.0 |  1110
           D:3 |       0 |      49 |   0.0 |       0 |      16 |   0.0 |   571
           D:4 |       0 |     437 |   0.0 |       0 |      15 |   0.0 |  1276
           D:5 |       0 |     529 |   0.0 |       0 |      16 |   0.0 |   906
           D:6 |       0 |    1467 |   0.0 |       0 |      62 |   0.0 |   753
           D:7 |       0 |    2641 |   0.0 |       0 |      38 |   0.0 |   829
           D:8 |       0 |    3235 |   0.0 |       0 |      22 |   0.0 |  1023
           D:9 |       0 |    4620 |   0.0 |       0 |      39 |   0.0 |  1069
          D:10 |       0 |    1604 |   0.0 |       0 |      33 |   0.0 |   772
          D:11 |       0 |    6965 |   0.0 |       0 |      45 |   0.0 |   810
          D:12 |       0 |    5095 |   0.0 |       0 |      42 |   0.0 |   629
        Lair:1 |       0 |    5415 |   0.0 |       0 |      24 |   0.0 |  1091
        Lair:2 |       0 |    1983 |   0.0 |       0 |       7 |   0.0 |   812
        Lair:3 |       0 |    3995 |   0.0 |       0 |      12 |   0.0 |  1510
        Lair:4 |       0 |   12606 |   0.0 |       0 |      47 |   0.0 |  3005
        Lair:5 |       0 |    4507 |   0.0 |       0 |      28 |   0.0 |   948
        Lair:6 |       0 |   34301 |   0.0 |       0 |     127 |   0.0 |  2392
         Orc:1 |       0 |    1256 |   0.0 |       0 |      10 |   0.0 |   172
         Orc:2 |       0 |    7641 |   0.0 |       0 |      35 |   0.0 |   364
           Lab |       0 |    1131 |   0.0 |       0 |       1 |   0.0 |   266
               +---------+---------+-------+---------+---------+-------+---------
